 Dungeon Crawl Stone Soup version 0.30-a0-414-gcb316572d5 (webtiles) character file.

Game seed: 11301872715772700534

562 lunkers the Cutter (level 7, 0/55 HPs)
             Began as a Meteoran Gladiator on Dec 7, 2022.
             Was an Initiate of Gozag.
             Slain by an orc warrior
             ... wielding a +0 scimitar
              (4 damage)
             ... on level 6 of the Dungeon.
             The game lasted 00:05:11 (2355 turns).

lunkers the Cutter (Meteoran Gladiator)             Turns: 2355, Time: 00:05:12

Health: 0/55       AC: 11    Str: 18    XL:     7   Next: 89%
Magic:  8/8        EV:  6    Int: 10    God:    Gozag
Gold:   430        SH:  0    Dex: 15    Spells: 6/6 levels left

rFire   . . .      SeeInvis .    a - +2 rapier (drain)
rCold   . . .      Faith    .    (no shield)
rNeg    . . .      Spirit   .    o - +0 plate armour
rPois   .          Reflect  .    c - +0 helmet
rElec   .          Harm     .    (no cloak)
rCorr   .          Rampage  .    (no gloves)
Will    .....                    (no boots)
Stlth   ..........               (no amulet)
HPRegen 0.29/turn                (no ring)
MPRegen 0.11/turn                (no ring)

@: glowing
A: sense surroundings 1, otherworldly, glowing, explore regen
a: Renounce Religion, Potion Petition, Call Merchant, Bribe Branch


You were on level 6 of the Dungeon.
You worshipped Gozag.
Gozag was aware of your devotion.
You visited 1 branch of the dungeon, and saw 6 of its levels.

You collected 513 gold pieces.
You paid 83 gold pieces to Gozag.

Inventory:

Hand Weapons
 a - a +2 rapier of draining (weapon)
 l - a +1 short sword of venom
 x - a +0 quarterstaff
Missiles
 d - 3 throwing nets
 e - a javelin
Armour
 b - a +0 leather armour
 c - a +0 helmet (worn)
 o - a +0 plate armour (worn)
Scrolls
 g - a scroll of vulnerability {unknown}
 i - 2 scrolls of enchant weapon {unknown}
 j - a scroll of poison {unknown}
 k - 5 scrolls of identify {unknown}
 m - a scroll of summoning {unknown}
 n - 2 scrolls of teleportation {unknown}
 p - 3 scrolls of butterflies {unknown}
 q - 3 scrolls of noise {unknown}
 u - a scroll of fear {unknown}
 v - a scroll of enchant armour {unknown}
 y - a scroll of blinking {unknown}
 B - a scroll of brand weapon {unknown}
Potions
 f - a potion of might {unknown}
 h - 2 potions of heal wounds {unknown}
 r - 2 potions of brilliance {unknown}
 s - 2 potions of flight {unknown}
 t - 2 potions of curing {unknown}
 w - 2 potions of berserk rage {unknown}
 z - a potion of degeneration {unknown}
 A - a potion of lignification {unknown}
 C - a potion of mutation {unknown}


   Skills:
 - Level 2.1 Fighting
 + Level 7.4 Short Blades
 - Level 5.1 Staves
 - Level 2.4 Throwing
 - Level 3.6 Dodging


You had 6 spell levels left.
You didn't know any spells.
Your spell library contained the following spells:

 Spells                   Type           Power      Damage    Failure   Level
 Beastly Appendage        Tmut           0%         N/A       100%        1
 Ensorcelled Hibernation  Hex/Ice        0%         N/A       100%        2
 Passwall                 Tmut/Erth      0%         N/A       100%        2
 Wereblood                Tmut           0%         N/A       100%        2
 Spider Form              Tmut/Pois      0%         N/A       100%        3
 Swiftness                Air            0%         N/A       100%        3


Dungeon Overview and Level Annotations

Branches:
Dungeon (6/15) Zot: 1242   Temple (0/1) D:5

Altars:
Dithmenos
Gozag
Wu Jian

Shops:
D:2 [(*   D:5 =


Innate Abilities, Weirdness & Mutations

You passively map a small area around you.
You are easily found by Zot.
You glow in the dark.
You regain HP and MP as you explore.


Message History

You hit the orc warrior. You drain the orc warrior.
The orc warrior is lightly wounded.
You closely miss the orc warrior.
The orc warrior is lightly wounded.
The orc warrior is distracted by your dazzling golden aura.
You closely miss the orc warrior.
The orc warrior is no longer distracted by gold.
The orc warrior is lightly wounded.
The orc warrior hits you with a +0 scimitar.
* * * LOW HITPOINT WARNING * * *
You closely miss the orc warrior.
The orc warrior is lightly wounded.
The orc is distracted by your dazzling golden aura.
The orc warrior hits you with a +0 scimitar.
* * * LOW HITPOINT WARNING * * *
You hit the orc warrior but do no damage.
The orc warrior is lightly wounded.
The orc warrior hits you with a +0 scimitar.
* * * LOW HITPOINT WARNING * * *
You hit the orc warrior but do no damage.
You drain the orc warrior.
The orc warrior is moderately wounded.
The orc warrior hits you with a +0 scimitar!
* * * LOW HITPOINT WARNING * * *
You barely miss the orc warrior.
The orc warrior is moderately wounded.
The orc is no longer distracted by gold.
You hit the orc warrior but do no damage.
The orc warrior is moderately wounded.
The orc warrior hits you with a +0 scimitar!
* * * LOW HITPOINT WARNING * * *
You completely miss the orc warrior.
The orc warrior is moderately wounded.
The orc warrior barely misses you.
Okay, then.
You puncture the orc warrior! You drain the orc warrior.
The orc warrior is almost dead.
The orc warrior hits you with a +0 scimitar.
You die...
Your body crumbles into a pile of gold.

##.............#
#.)...........#
#.............#
#^.##.........#
#..##.........#
#....o........#
#................
######.###########
* #...@oo.......
,, ##.#######...#*
, * #.# , ..* , ,
, , #.# * * , *,
#.# ,,.. * * , ,
#.#####.# * *,
#.#...#.#
#.#####.#.#.#.# ,
#.....#.#.#.#.# ,
, ,


You could see an orc warrior (very drained) and an orc.

Vanquished Creatures
  Grinder (D:6)
  A black bear (D:5)
  2 scorpions
  An orc priest (D:6)
  A gnoll (D:1)
  6 adders
  A white imp (D:5)
  2 dart slugs
  7 orcs
  5 endoplasms
  A giant cockroach (D:1)
  6 goblins
  2 hobgoblins (D:4)
  2 jackals (D:1)
  8 kobolds
  3 quokkas
  3 ball pythons
  6 bats
  4 frilled lizards
  5 rats
67 creatures vanquished.

Notes
Turn   | Place    | Note
-------+----------+-------------------------------------------
     0 | D:1      | lunkers the Meteoran Gladiator began the quest for the Orb.
     0 | D:1      | Reached XP level 1. HP: 17/17 MP: 2/2
    86 | D:1      | Reached XP level 2. HP: 21/24 MP: 3/3
   108 | D:1      | Reached XP level 3. HP: 18/29 MP: 4/4
   244 | D:1      | Reached skill level 5 in Staves
   300 | D:2      | Found Nollauvu's Armour Shoppe.
   481 | D:2      | Reached skill level 1 in Short Blades
   481 | D:2      | Reached XP level 4. HP: 31/36 MP: 5/5
   507 | D:2      | Found Biguotz's Assorted Antiques.
   660 | D:2      | Found Diozianu's Weapon Emporium.
   668 | D:2      | Reached skill level 2 in Short Blades
   783 | D:3      | Found an opulent altar of Gozag.
   788 | D:3      | Became a worshipper of Gozag Ym Sagoz the Greedy
   903 | D:3      | Reached XP level 5. HP: 41/41 MP: 6/6
   970 | D:3      | Reached skill level 3 in Short Blades
   999 | D:3      | Found a shadowy altar of Dithmenos.
  1650 | D:4      | Found an ornate altar of the Wu Jian Council.
  1732 | D:5      | Entered Level 5 of the Dungeon
  1732 | D:5      | Noticed a black bear
  1742 | D:4      | Reached skill level 4 in Short Blades
  1742 | D:4      | Reached XP level 6. HP: 44/48 MP: 7/7
  1822 | D:5      | Killed a black bear
  1823 | D:5      | Reached skill level 5 in Short Blades
  1840 | D:5      | Found Pilloul's Jewellery Emporium.
  1856 | D:5      | Reached skill level 6 in Short Blades
  1856 | D:5      | Reached XP level 7. HP: 54/55 MP: 8/8
  2134 | D:5      | Found a staircase to the Ecumenical Temple.
  2253 | D:6      | Noticed Grinder
  2283 | D:6      | Paralysed by Grinder for 5 turns
  2295 | D:6      | Paralysed by Grinder for 2 turns
  2306 | D:6      | Paralysed by Grinder for 4 turns
  2311 | D:6      | Killed Grinder
  2312 | D:6      | Reached skill level 7 in Short Blades
  2355 | D:6      | Slain by an orc warrior

Illustrated notes

Levels and vault maps discovered:
D:1:      spicycebolla_arrival_xxxplode, layout_loops_cross
D:2:      layout_loops_ring, serial_shops, nicolae_lakefront_shop, shop,
          nicolae_shop_bloodbath_and_beyond, nicolae_shop_crystal,
          nicolae_lakefront_shop
D:3:      layout_loops_cross, nicolae_dithmenos_through_a_glass_darkly,
          mainiacjoe_overflow_six_doors_small, serial_glass, glass_columns_c,
          glass_columns_a
D:4:      layout_layer_cave, nicolae_wu_jian_immortal_techniques, serial_shops,
          nicolae_shop_behind_doors
D:5:      layout_loops_cross, minmay_temple_entry_antechambers,
          nicolae_stop_n_shop_1
D:6:      layout_basic, nemelex_spade_bored_becter, serial_shops,
          kennysheep_mini_moat, uniq_grinder

Skill      XL: |  1  2  3  4  5  6  7 |
---------------+----------------------+-----
Staves         | 4 5 |  5.1
Short Blades   | 1 2 4 6 7 |  7.4
Fighting       | |  2.1
Throwing       | |  2.4
Dodging        | |  3.6

Action                   |  1- 3 |  4- 6 |  7- 9 || total
-------------------------+-------+-------+-------++-------
Melee: Quarterstaff      |    79 |    91 |       ||   170
       Rapier            |       |    14 |    45 ||    59
 Stab: Distracted        |       |     1 |       ||     1
Armor: Leather armour    |    28 |    21 |       ||    49
       Plate armour      |       |    64 |    21 ||    85
Dodge: Dodged            |    46 |    42 |    12 ||   100

Table legend: (Time is in decaauts)
 A = Elapsed time spent in this place.
 B = Non-inter-level travel time spent in this place.
 C = Inter-level travel time spent in this place.
 D = Time resting spent in this place.
 E = Time spent auto-exploring this place.
 F = Levels seen in this place.
 G = Mean time per level.
                   A        B        C        D        E       F      G
               +--------+--------+--------+--------+--------+-----+--------+
         Total |   2356 |   2140 |    216 |      0 |   1468 |   6 |  392.7 |
       Dungeon |   2356 |   2140 |    216 |      0 |   1468 |   6 |  392.7 |
               +--------+--------+--------+--------+--------+-----+--------+

Top non-repeatable levels by time:
     D:3: 540 daAuts
     D:4: 502 daAuts
     D:5: 447 daAuts
     D:1: 363 daAuts
     D:2: 363 daAuts
     D:6: 139 daAuts
